 Dungeon Crawl Stone Soup version 0.26-a0-1033-gd598b01645 (webtiles) character file.

Game seed: 5732786485899680774

13855 wythoutpain the Basher (level 11, -6/97 HPs)
             Began as a Minotaur Fighter on Dec 10, 2020.
             Was a High Priest of the Shining One.
             Mangled by an orc warrior
             ... wielding a +0 halberd
              (27 damage)
             ... on level 2 of the Orcish Mines.
             The game lasted 04:09:30 (14462 turns).

wythoutpain the Basher (Minotaur Fighter)          Turns: 14462, Time: 04:09:31

Health: -6/97      AC: 18    Str: 23    XL:     11   Next: 81%
Magic:  13/13      EV:  7    Int:  5    God:    the Shining One [*****.]
Gold:   1226       SH: 13    Dex: 17    Spells: 10/10 levels left

rFire    + . .     SeeInvis .   M - +3 flail (vorpal)
rCold    . . .     Faith    .   c - +1 kite shield
rNeg     + + +     Spirit   .   a - +2 plate armour {rF+}
rPois    .         Reflect  .   (helmet restricted)
rElec    .         Harm     .   (no cloak)
rCorr    .         Rampage  .   b - +0 pair of gloves
Will     .....                  N - +0 pair of boots (curse)
Stlth    ..........             P - amulet of magic regeneration
HPRegen  0.26/turn              f - ring of positive energy
MPRegen  0.38/turn              D - +6 ring of dexterity

@: glowing
A: retaliatory headbutt, horns 2
a: Divine Shield, Cleansing Flame, Summon Divine Warrior, Renounce Religion


You were on level 2 of the Orcish Mines.
You worshipped the Shining One.
The Shining One was extremely pleased with you.
You visited 3 branches of the dungeon, and saw 13 of its levels.
You also visited: Ossuary.

You collected 1401 gold pieces.
You spent 175 gold pieces at shops.

Inventory:

Hand Weapons
 r - a +2 flail of protection
 B - a +0 hunting sling
 F - a +3 long sword of protection
 J - a +2 flail of holy wrath
 M - a +3 vorpal flail (weapon)
 S - a +1 spectral quarterstaff
 V - a +3 bardiche
Missiles
 e - 323 stones (quivered)
 q - 21 poisoned darts
 w - 6 atropa-tipped darts
 x - 133 arrows
 A - 6 curare-tipped darts
 G - 76 bolts
 L - 6 javelins
 Q - 76 sling bullets
Armour
 a - a +2 plate armour of fire resistance (worn)
 b - a +0 pair of gloves (worn)
 c - a +1 kite shield (worn)
 N - a cursed +0 pair of boots (worn)
Jewellery
 f - a ring of positive energy (left hand)
 j - an uncursed ring of protection from cold
 p - an uncursed ring of poison resistance
 D - a +6 ring of dexterity (right hand)
 P - an amulet of magic regeneration (around neck)
 Y - an uncursed ring of fire
Wands
 E - a wand of acid (6)
 I - a wand of polymorph (12)
 O - a wand of enslavement (9)
 U - a wand of paralysis (7)
Scrolls
 g - a scroll of torment {unknown}
 h - a scroll of brand weapon {unknown}
 k - 4 scrolls of identify
 n - 5 scrolls of teleportation
 s - a scroll of magic mapping
 u - 2 scrolls of enchant armour
 y - a scroll of fear
 C - 5 scrolls of remove curse
 K - 3 scrolls of immolation
 R - 2 scrolls of fog {unknown}
 W - a scroll of holy word {unknown}
 Z - 2 scrolls of amnesia
Potions
 d - 3 potions of might
 i - 4 potions of brilliance
 l - 3 potions of curing
 m - 3 potions of ambrosia
 o - a potion of invisibility {unknown}
 t - 3 potions of lignification
 v - 2 potions of attraction
 z - 2 potions of heal wounds {unknown}
 H - 6 potions of flight
 T - a potion of cancellation {unknown}
 X - 2 potions of resistance


   Skills:
 + Level 9.2 Fighting
 + Level 6.4 Long Blades
 + Level 11.0 Maces & Flails
 + Level 6.8(8.0) Slings
 + Level 5.7(7.0) Throwing
 + Level 9.0 Armour
 + Level 1.6 Dodging
 - Level 0.2 Stealth
 + Level 9.8 Shields
 * Level 5.0 Invocations


You had 10 spell levels left.
You didn't know any spells.
Your spell library contained the following spells:

 Spells                   Type           Power        Failure   Level
 Foxfire                  Conj/Fire      #...         100%        1
 Magic Dart               Conj           #...         100%        1
 Sting                    Tmut/Pois      #...         100%        1
 Poisonous Vapours        Pois/Air       #.....       100%        2
 Searing Ray              Conj           #.....       100%        2
 Conjure Flame            Conj/Fire      #.......     100%        3
 Dazzling Flash           Conj/Hex       #.....       100%        3
 Ignite Poison            Fire/Tmut/Pois #.......     100%        3
 Inner Flame              Hex/Fire       #.......     100%        3
 Mephitic Cloud           Conj/Pois/Air  #.......     100%        3
 Fulminant Prism          Conj/Hex       #.........   100%        4
 Iskenderun's Mystic Bla  Conj/Tloc      #.......     100%        4
 Olgreb's Toxic Radiance  Pois           #.......     100%        4
 Sticky Flame             Conj/Fire      #.......     100%        4
 Fireball                 Conj/Fire      #.........   100%        5


Dungeon Overview and Level Annotations

Branches:
Dungeon (10/15)            Temple (1/1) D:6            Lair (0/6) D:10
    Orc (2/2) D:10            Elf (0/3) Orc:2       Ossuary (visited)

Altars:
Ashenzari
Cheibriados
Dithmenos
Elyvilon
Fedhas
Gozag
Hepliaklqana
Kikubaaqudgha
Makhleb
Nemelex Xobeh
Okawaru
Qazlal
Ru
Sif Muna
Trog
Uskayaw
Vehumet
Wu Jian
Xom
Yredelemnul
Zin
The Shining One
Beogh

Shops:
D:10 (   Orc:1 *

Annotations:
D:5 2 transporters
D:7 exclusion: statue
D:8 2 transporters, Zenkrye's ghost, novice FoAK


Innate Abilities, Weirdness & Mutations

You reflexively headbutt those who attack you in melee.
You have a pair of horns on your head.


Message History

The orc knight hits you with a +0 war axe!
The orc warrior hits you from afar with a +0 halberd!
You closely miss the orc knight.
The orc knight is severely wounded.
The orc knight hits you but does no damage.
The orc warrior hits you from afar with a +0 halberd!!!
* * * LOW HITPOINT WARNING * * *
You feel better. You block the orc's attack.
You sock the orc knight! Your headbutt misses the orc knight.
The orc knight is almost dead.
The orc knight hits you with a +0 war axe.
* * * LOW HITPOINT WARNING * * *
You block the orc warrior's attack. You block the orc's attack.
You feel better.
The orc warrior hits you but does no damage.
You block the orc's attack. You block the orc knight's attack.
You hit the orc knight.
You kill the orc knight!
The orc warrior hits you from afar with a +0 halberd!!
You die...

# ##### ##.##. ### #.....
##.## ###### ##.##.
##...###.##.### ##.##..
##.#.#.#.......## #...##.
#..........#.@..## ##.).#..
##...........o)#.######...###.
#..........#.#o..#..##.......
##.......#......(.............
#................(....#....))#
#..............#...#...)..[<##
#.............###.#(...#[....#
#..............#....(..[###.##
#.................#.....#####


You could see an orc warrior (strong) and an orc (strong).

Vanquished Creatures
  Erolcha (Orc:2)
  A boulder beetle (D:10)
  2 two-headed ogres
  An unseen horror (D:10)
  2 orc knights (Orc:2)
  Pikel (D:6)
  A deep elf mage (D:8)
  Joseph (D:7)
  2 trolls
  Grinder (D:4)
  Prince Ribbit (D:7)
  Eustachio (D:4)
  9 yaks
  A steam dragon (D:10)
  3 wargs
  Edmund (D:4)
  4 sky beasts
  4 ice beasts
  9 orc warriors
  6 ogres
  2 phantoms
  2 wolves
  3 centaurs
  6 bullfrogs
  A wyvern skeleton (D:8)
  3 water moccasin zombies (Ossuary)
  2 scorpions (D:8)
  4 wights (D:8)
  2 vampire bats (D:5)
  10 howler monkeys
  5 electric eels (D:10)
  2 bullfrog zombies
  9 hounds
  A jelly (D:7)
  9 orc wizards
  Crazy Yiuf (D:6)
  12 orc priests
  A bullfrog skeleton (D:7)
  A centaur skeleton (D:5)
  2 iguanas
  12 worker ants
  5 big kobold zombies (Ossuary)
  A hound skeleton (D:4)
  2 mummies (Ossuary)
  3 gnolls (Orc:1)
  11 adders
  A shadow imp (D:7)
  5 white imps
  2 ufetubi
  A worm zombie (D:8)
  5 adder zombies
  An adder skeleton (D:4)
  6 worms
  A leopard gecko (D:7)
  56 orcs
  5 bats
  3 bat skeletons (D:5)
  3 bat zombies (D:5)
  2 giant cockroaches
  4 gnoll zombies (Ossuary)
  6 goblins
  3 hobgoblins
  12 jackals
  5 quokkas
  A ball python (D:2)
  6 frilled lizards
  A goblin zombie (D:8)
  6 hobgoblin zombies
  6 kobolds
  2 kobold zombies (Ossuary)
  2 leopard gecko skeletons
  7 orc zombies (Ossuary)
  A quokka skeleton (D:5)
  5 rats
322 creatures vanquished.

Vanquished Creatures (others)
  A yak (D:10)
  An ufetubus (D:7)
  A leopard gecko (D:7)
  2 jackals (D:7)
5 creatures vanquished.

Grand Total: 327 creatures vanquished

Notes
Turn   | Place    | Note
-------+----------+-------------------------------------------
     0 | D:1      | wythoutpain the Minotaur Fighter began the quest for the
                  | Orb.
     0 | D:1      | Reached XP level 1. HP: 19/19 MP: 0/0
   619 | D:1      | Reached XP level 2. HP: 27/27 MP: 1/1
  1303 | D:2      | Reached XP level 3. HP: 33/33 MP: 2/2
  1816 | D:3      | Reached skill level 3 in Maces & Flails
  2109 | D:3      | Reached XP level 4. HP: 38/40 MP: 3/3
  2719 | D:3      | Found a white marble altar of Elyvilon.
  2862 | D:4      | Reached skill level 4 in Maces & Flails
  3061 | D:4      | Reached skill level 1 in Slings
  3061 | D:4      | Reached XP level 5. HP: 47/47 MP: 4/4
  3091 | D:4      | Noticed Grinder
  3118 | D:4      | Paralysed by Grinder for 5 turns
  3128 | D:4      | Paralysed by Grinder for 3 turns
  3134 | D:4      | Paralysed by Grinder for 6 turns
  3140 | D:4      | Killed Grinder
  3141 | D:4      | Reached skill level 5 in Maces & Flails
  3141 | D:4      | Reached skill level 1 in Throwing
  3141 | D:4      | Reached XP level 6. HP: 13/53 MP: 5/5
  3424 | D:4      | Noticed Eustachio
  3457 | D:4      | Killed Eustachio
  3458 | D:4      | Reached skill level 1 in Dodging
  3620 | D:4      | Reached XP level 7. HP: 54/60 MP: 6/6
  3707 | D:4      | Reached skill level 5 in Fighting
  3978 | D:4      | Noticed Edmund
  3999 | D:4      | Killed Edmund
  4000 | D:4      | Reached skill level 6 in Maces & Flails
  4000 | D:4      | Reached skill level 5 in Armour
  4144 | D:5      | Entered Level 5 of the Dungeon
  4206 | D:5      | Reached skill level 5 in Shields
  4248 | D:5      | Found a transporter.
  4269 | D:5      | Found a transporter.
  4467 | D:5      | Found an ancient bone altar of Kikubaaqudgha.
  5059 | D:6      | Reached XP level 8. HP: 69/69 MP: 7/7
  5071 | D:6      | Found a shadowy altar of Dithmenos.
  5089 | D:6      | Noticed Pikel
  5133 | D:6      | Killed Pikel
  5134 | D:6      | Reached skill level 7 in Maces & Flails
  5285 | D:6      | Found a staircase to the Ecumenical Temple.
  5294 | Temple   | Entered the Ecumenical Temple
  5338 | Temple   | Became a worshipper of the Shining One
  5580 | D:6      | Found a runed translucent door.
  5581 | D:6      | Noticed Crazy Yiuf
  5588 | D:6      | Killed Crazy Yiuf
  5907 | D:6      | Reached skill level 5 in Slings
  5972 | D:7      | Noticed Prince Ribbit
  5987 | D:7      | Killed Prince Ribbit
  5988 | D:7      | Reached XP level 9. HP: 59/75 MP: 8/8
  6046 | D:7      | Reached skill level 8 in Maces & Flails
  6150 | D:7      | Noticed Joseph
  6164 | D:7      | Killed Joseph
  6190 | D:7      | Paralysed by an orc for 6 turns
  6335 | D:7      | Identified the +5 hand axe of Yredelemnul's Scorn {drain,
                  | *Rage Int+6 SInv Stlth+}
  6338 | D:7      | Reached * piety under the Shining One
  6379 | D:7      | Found a radiant altar of Vehumet.
  6437 | D:7      | Found a shimmering altar of Xom.
  6822 | D:8      | Reached skill level 9 in Maces & Flails
  6869 | D:8      | Found a broken altar of Ashenzari.
  6869 | D:8      | Found a glowing silver altar of Zin.
  6875 | D:8      | Found a sand-covered staircase.
  6887 | Ossuary  | Entered an ossuary
  6891 | Ossuary  | Reached ** piety under the Shining One
  6952 | Ossuary  | Reached XP level 10. HP: 84/86 MP: 9/9
  6962 | Ossuary  | Reached *** piety under the Shining One
  7003 | Ossuary  | Reached **** piety under the Shining One
  7046 | D:8      | Noticed a two-headed ogre
  7060 | D:8      | Killed a two-headed ogre
  7198 | D:8      | Reached skill level 5 in Throwing
  7226 | D:8      | Reached skill level 10 in Maces & Flails
  7593 | D:8      | Noticed a moth of wrath
  7596 | D:8      | Found a transporter.
  7602 | D:8      | Found a bloodstained altar of Trog.
  7612 | D:8      | Noticed Zenkrye's ghost (novice FoAK)
  7612 | D:8      | Noticed a cyclops
  7686 | D:8      | Found a sparkling altar of Nemelex Xobeh.
  7688 | D:8      | Noticed a deep elf mage
  7692 | D:8      | Killed a deep elf mage
  7796 | D:8      | Found a transporter.
  8031 | D:9      | Reached skill level 1 in Invocations
  8453 | D:9      | Reached skill level 1 in Long Blades
  8593 | D:9      | Found an opulent altar of Gozag.
  8985 | D:10     | Entered Level 10 of the Dungeon
  8985 | D:10     | Found a blossoming altar of Fedhas.
  9016 | D:10     | Noticed a two-headed ogre
  9283 | D:9      | HP: 4/90 [sky beast (5)]
  9285 | D:9      | Killed a two-headed ogre
  9286 | D:9      | Reached XP level 11. HP: 17/95 MP: 10/12
  9637 | D:10     | Found a staircase to the Orcish Mines.
  9944 | D:10     | Noticed an unseen horror
  9966 | D:10     | Killed an unseen horror
 10069 | D:10     | Found Fatut's Weapon Shop.
 10598 | D:10     | Found a staircase to the Lair.
 10745 | D:10     | Upgraded the game from 0.26-a0-1026-g544776af23 to
                  | 0.26-a0-1033-gd598b01645
 11311 | D:10     | Reached skill level 11 in Maces & Flails
 11630 | D:10     | Noticed a boulder beetle
 11666 | D:10     | Killed a boulder beetle
 12250 | Orc:1    | Entered Level 1 of the Orcish Mines
 12255 | Orc:1    | Found a roughly hewn altar of Beogh.
 12422 | Orc:1    | Reached skill level 5 in Long Blades
 12724 | Orc:1    | Found Myge's General Store.
 12734 | Orc:1    | Bought a scroll of identify for 28 gold pieces
 12734 | Orc:1    | Bought 21 sling bullets for 147 gold pieces
 12884 | Orc:2    | Entered Level 2 of the Orcish Mines
 13408 | Orc:2    | Noticed Erolcha
 13428 | Orc:2    | Killed Erolcha
 13620 | Orc:2    | Found a staircase to the Elven Halls.
 13657 | Orc:2    | Reached ***** piety under the Shining One
 13666 | Orc:2    | Noticed an orc knight
 14365 | Orc:2    | Killed an orc knight
 14366 | Orc:2    | Reached skill level 5 in Invocations
 14421 | Orc:2    | Noticed an orc knight
 14462 | Orc:2    | Killed an orc knight
 14462 | Orc:2    | Mangled by an orc warrior

Illustrated notes

Levels and vault maps discovered:
D:1:      dpeg_arrival_snail, layout_loops_ring, minmay_domino_4
D:2:      layout_basic, serial_curves, eino_curves_04, eino_curves_02,
          minmay_indecisive_spiral
D:3:      layout_loops_ring, marbit_many_paths
D:4:      layout_rooms, uniq_edmund, uniq_eustachio, uniq_grinder
D:5:      gammafunk_steamed_eel, layout_loops_ring, kennysheep_vampire_church
D:6:      layout_basic, nicolae_dithmenos_shadow_blocks, temple_fountains,
          minivault_11, uniq_crazy_yiuf_cottage, uniq_pikel
D:7:      layout_rooms, xom_confusion_cloud, vehumet_statue, uniq_joseph,
          uniq_prince_ribbit1
D:8:      layout_cave_pods, gammafunk_temple_overflow_elements,
          old_standard_altar, enter_ossuary_3,
          gammafunk_ghost_wrathful_warriors, kennysheep_generic_room_13
D:9:      layout_long_grid, nicolae_gozag_cash_rules_everything_around_me,
          minmay_misc_feat_nine_boxes, minmay_fractal_squares_diagonal_5
D:10:     layout_small_grid, erik_lair_island, serial_shops,
          kennysheep_little_box, serial_rivers, chequers_serial_rivers_marsh,
          chequers_serial_rivers_micro_c, chequers_serial_rivers_room_a,
          chequers_serial_rivers_large_b, fedhas_bush_and_centaur_altar
Temple:   cyrus_circular_temple
Orc:1:    layout_caves, basic_altar, serial_shops, shop_statue
Orc:2:    grunt_orc_tribal_feast, layout_caves, uniq_erolcha

Skill      XL: |  1  2  3  4  5  6  7  8  9 10 11 |
---------------+----------------------------------+-----
Fighting       | 4 5 6 7 8 9 |  9.2
Armour         | 4 5 6 7 9 |  9.0
Shields        | 4 5 6 7 8 9 |  9.8
Maces & Flails | 3 4 5 6 7 9 10 11 | 11.0
Slings         | 1 2 3 4 5 6 |  6.8
Throwing       | 1 2 3 4 5 |  5.7
Dodging        | 1 |  1.6
Invocations    | 2 5 |  5.0
Long Blades    | 2 6 |  6.4
Stealth        | |  0.2

Action                   |  1- 3 |  4- 6 |  7- 9 | 10-12 || total
-------------------------+-------+-------+-------+-------++-------
Melee: Flail             |   103 |    97 |   216 |   198 ||   614
       Headbutt          |    11 |    15 |    44 |   127 ||   197
       Hunting sling     |       |     1 |       |       ||     1
       Whip              |       |       |     7 |       ||     7
       Long sword        |       |       |       |   280 ||   280
 Fire: Hunting sling     |       |    28 |    57 |    14 ||    99
Throw: Stone             |    48 |     2 |     3 |   106 ||   159
       Javelin           |       |    15 |     8 |     2 ||    25
       Boomerang         |       |     3 |    52 |       ||    55
       Dart              |       |     1 |     2 |       ||     3
  Use: Scroll            |       |       |     8 |    10 ||    18
       Potion            |       |       |       |     3 ||     3
Armor: Scale mail        |    44 |    52 |       |       ||    96
       Plate armour      |       |       |   100 |   225 ||   325
       Chain mail        |       |       |     6 |       ||     6
       Skin              |       |       |     6 |       ||     6
Dodge: Dodged            |    26 |    28 |    47 |    78 ||   179
Block: Kite shield       |    39 |    44 |   127 |   324 ||   534
       Rpst.: Long sword |       |       |       |    15 ||    15

Table legend: (Time is in decaauts)
 A = Elapsed time spent in this place.
 B = Non-inter-level travel time spent in this place.
 C = Inter-level travel time spent in this place.
 D = Time resting spent in this place.
 E = Time spent auto-exploring this place.
 F = Levels seen in this place.
 G = Mean time per level.
                   A        B        C        D        E       F      G
               +--------+--------+--------+--------+--------+-----+--------+
         Total |  14618 |  13931 |    687 |   4416 |   5429 |  14 | 1044.1 |
       Dungeon |  12179 |  11492 |    687 |   3409 |   4836 |  10 | 1217.9 |
        Temple |     61 |     61 |      0 |      0 |      0 |   1 |   61.0 |
  Orcish Mines |   2222 |   2222 |      0 |   1006 |    593 |   2 | 1111.0 |
       Ossuary |    154 |    154 |      0 |      0 |      0 |   1 |  154.0 |
               +--------+--------+--------+--------+--------+-----+--------+

Top non-repeatable levels by time:
    D:10: 2777 daAuts
     D:9: 1560 daAuts
     D:4: 1315 daAuts
   Orc:1: 1278 daAuts
     D:8: 1169 daAuts
     D:6: 1072 daAuts
     D:3: 1069 daAuts
     D:1: 946 daAuts
   Orc:2: 944 daAuts
     D:2: 889 daAuts
     D:5: 713 daAuts
     D:7: 666 daAuts
 Ossuary: 154 daAuts
  Temple: 61 daAuts
